 Dungeon Crawl Stone Soup version 0.30-a0-1082-g70414cbcbb (webtiles) character file.

Game seed: 160800867044897945

244 jimonade the Chopper (level 6, 0/43 HPs)
             Began as an Octopode Monk on Apr 16, 2023.
             Slain by a phantom (2 damage)
             ... on level 4 of the Dungeon.
             The game lasted 00:06:05 (3074 turns).

jimonade the Chopper (Octopode Monk)                Turns: 3074, Time: 00:06:06

Health: 0/43       AC:  2    Str: 12    XL:     6   Next: 10%
Magic:  6/6        EV: 19    Int: 13    God:
Gold:   156        SH:  0    Dex: 14    Spells: 5/5 levels left

rFire   . . .      SeeInvis .    a - +0 hand axe
rCold   . . .      Faith    .    c - orb {light}
rNeg    . . .      Spirit   .    u - +1 hat
rPois   .          Reflect  .    (no amulet)
rElec   .          Rampage  .    l - +5 ring of evasion
rCorr   +                        h - ring of resist corrosion
Will    .....                    (no ring)
Stlth   ++                       (no ring)
HPRegen 0.27/turn                (no ring)
MPRegen 0.10/turn                (no ring)
                                 (no ring)
                                 (no ring)

@: glowing
A: almost no armour, amphibious, 8 rings, camouflage 1, gelatinous body 1,
(nimble swimmer 1), tentacles
a: no special abilities


You were on level 4 of the Dungeon.
You visited 1 branch of the dungeon, and saw 4 of its levels.

You collected 212 gold pieces.
You spent 56 gold pieces at shops.

Inventory:

Hand Weapons
 a - a +0 hand axe (weapon)
 j - a +0 long sword
 m - a +0 spear
 t - a +0 hand axe
Armour
 c - an orb of light (worn)
 u - a +1 hat (worn)
Magical Staves
 r - a staff of fire
Jewellery
 h - a ring of resist corrosion (right tentacle)
 l - a +5 ring of evasion (left tentacle)
 q - an amulet of faith
 v - an amulet of reflection
Scrolls
 f - 5 scrolls of identify
 g - a scroll of blinking {unknown}
 k - 2 scrolls of enchant armour {unknown}
 s - a scroll of magic mapping {unknown}
Potions
 b - a potion of ambrosia
 d - a potion of attraction {unknown}
 e - a potion of magic {unknown}
 i - 2 potions of berserk rage {unknown}
 n - 3 potions of curing {unknown}
 o - 3 potions of haste {unknown}
 p - a potion of mutation {unknown}


   Skills:
 + Level 4.1 Fighting
 + Level 4.7 Axes
 + Level 3.9 Dodging
 + Level 2.9 Stealth


You had 5 spell levels left.
You didn't know any spells.
Your spell library contained the following spells:

 Spells                   Type           Power      Damage    Failure   Level
 Ozocubu's Armour         Ice            0%         N/A       67%         3
 Ozocubu's Refrigeration  Ice            0%         4d7       100%        7


Dungeon Overview and Level Annotations

Branches:
Dungeon (4/15)
 Temple: D:4-7

Altars:

Shops:
D:2 ?   D:3 :[


Innate Abilities, Weirdness & Mutations

You cannot wear most types of armour.
You are amphibious.
You can wear up to eight rings at the same time.
Your skin changes colour to match your surroundings (Stealth+).
Your rubbery body absorbs attacks. (AC +1, EV +1)
((You are camouflaged when in or above water. (Stealth+)))
You have tentacles for arms and can constrict up to eight enemies at once.


Message History

The phantom is almost destroyed.
The phantom completely misses you.
You hit the phantom but do no damage.
The phantom is almost destroyed.
The phantom misses you.
You closely miss the phantom.
The phantom is almost destroyed.
The phantom completely misses you.
You hit the phantom but do no damage.
The phantom is almost destroyed.
The phantom misses you.
You hit the phantom but do no damage.
The phantom is almost destroyed.
The phantom hits you.
* * * LOW HITPOINT WARNING * * *
The phantom blinks!
You blink.
You barely miss the phantom.
The phantom is almost destroyed.
The phantom barely misses you.
You hit the phantom but do no damage. Your squeeze misses the phantom.
The phantom is almost destroyed.
The phantom barely misses you.
You hit the phantom.
The phantom is almost destroyed.
The phantom hits you.
* * * LOW HITPOINT WARNING * * *
The phantom blinks!
You blink.
You barely miss the phantom.
The phantom is almost destroyed.
The phantom hits you but does no damage.
The phantom misses you.
You barely miss the phantom.
The phantom is almost destroyed.
The phantom hits you.
* * * LOW HITPOINT WARNING * * *
The phantom blinks!
You blink.
You hit the phantom but do no damage.
The phantom is almost destroyed.
The phantom hits you.
You die...

.............'.....#
.............#.....#
..........ยงยง.#######
..=................#
...................#
######.............#
#.............#
#........W....#
#.........@...#
#.............#
#.............#
#####.............#
............#########
............#
............#
............#
............#


You could see a phantom.

Vanquished Creatures
  A phantom (D:4)
  A scorpion (D:4)
  An iguana (D:4)
  3 adders
  2 worms
  2 dart slugs
  An orc (D:4)
  5 endoplasms
  2 giant cockroaches
  5 goblins
  5 hobgoblins
  A jackal (D:2)
  2 quokkas
  7 ball pythons
  2 bats
  2 frilled lizards (D:2)
  5 kobolds
  6 rats
53 creatures vanquished.

Notes
Turn   | Place    | Note
-------+----------+-------------------------------------------
     0 | D:1      | jimonade the Octopode Monk began the quest for the Orb.
     0 | D:1      | Reached XP level 1. HP: 16/16 MP: 1/1
   192 | D:1      | Reached XP level 2. HP: 15/21 MP: 2/2
  1266 | D:2      | Reached XP level 3. HP: 22/26 MP: 3/3
  1294 | D:2      | Found a faded altar of an unknown god.
  1462 | D:2      | Found The Oracle's Delphic Readings.
  1468 | D:2      | Bought 2 scrolls of identify for 56 gold pieces
  2142 | D:3      | Reached XP level 4. HP: 32/32 MP: 4/4
  2225 | D:3      | Reached skill level 1 in Stealth
  2390 | D:3      | Found Gaesips's Armour Shoppe.
  2552 | D:3      | Found Ziproag's Vocational Training.
  2755 | D:4      | Noticed a phantom
  2771 | D:4      | Killed a phantom
  2772 | D:4      | Reached XP level 5. HP: 11/37 MP: 5/5
  3037 | D:4      | Noticed a phantom
  3056 | D:4      | Reached XP level 6. HP: 16/43 MP: 6/6
  3073 | D:4      | HP: 2/43 [phantom (1)]
  3074 | D:4      | Slain by a phantom

Illustrated notes

Levels and vault maps discovered:
D:1:      lightli_arrival_isolated_outpost, layout_basic
D:2:      layout_basic, nicolae_ecumenical_snake_handling,
          nicolae_nh_oracle_at_delphi
D:3:      layout_basic, serial_shops, nicolae_shop_tiny_real_fake_doors,
          chequers_jeans, nicolae_shop_vocational
D:4:      layout_gridville, minmay_temple_entry_statues,
          gammafunk_ghost_abyssal_escape

Skill      XL: |  1  2  3  4  5 |
---------------+----------------+-----
Stealth        | 2 |  2.9
Axes           | 4 |  4.7
Fighting       | 4 |  4.1
Dodging        | |  3.9

Action                     |  1- 3 |  4- 6 || total
---------------------------+-------+-------++-------
  Melee: Hand axe          |    66 |    69 ||   135
         Constrict         |    23 |    11 ||    34
         Tentacles         |    10 |    12 ||    22
         Punch             |     1 |       ||     1
   Stab: Sleeping          |     2 |     1 ||     3
 Armour: Skin              |     5 |     5 ||    10
  Dodge: Dodged            |    38 |    47 ||    85

Table legend: (Time is in decaauts)
 A = Elapsed time spent in this place.
 B = Non-inter-level travel time spent in this place.
 C = Inter-level travel time spent in this place.
 D = Time resting spent in this place.
 E = Time spent auto-exploring this place.
 F = Levels seen in this place.
 G = Mean time per level.
                   A        B        C        D        E       F      G
               +--------+--------+--------+--------+--------+-----+--------+
         Total |   3087 |   2897 |    190 |      0 |   2436 |   4 |  771.8 |
       Dungeon |   3087 |   2897 |    190 |      0 |   2436 |   4 |  771.8 |
               +--------+--------+--------+--------+--------+-----+--------+

Top non-repeatable levels by time:
     D:1: 1027 daAuts
     D:2: 1020 daAuts
     D:3: 630 daAuts
     D:4: 409 daAuts
